cohdb
Replays
Latest Replays
All Replays
Popular Replays
Top Player Replays
Match Explorer
How It Works
Community
CoH3 Stats
Reddit
Sign in to upload your games and track your stats! →
Sign in with Steam
Match 38845126
Unlisted
Match 38845126
Overview
Messages
Build Orders
End
Construct Infanterie Kompanie
Kettenkrad Recon Vehicle
Selects Mechanized Battlegroup
MG 42 Machine Gun Team
MG 42 Machine Gun Team
GrW 34 Mortar Team
Construct Luftwaffe Kompanie
Selects Spotting Scopes
Jäger Squad
Medical Station
Jäger Squad
Luftwaffe Officer Quarters
Jäger Squad
Support Elements
Selects Wespe Self-propelled Artillery
Wespe Self-propelled Artillery
MG 42 Bunker
Wespe Self-propelled Artillery
Selects Raid Package
Marder III M Tank Destroyer
Selects 8 Rad Armored Car
8 Rad Armored Car
Wespe Self-propelled Artillery
Atomic Floyd
deadsadbadmad
Alessandro-9891
jxcol
SharkLuv3r
Dolan Tittenberg
0
0
Comments
sign in to comment!
No comments posted yet!